 Dungeon Sprint DCSS version 0.30.1-11-g7821555f0a (webtiles) character file.

Game seed: 9737924909530276215

220 Heoruswealwe the Spear-Bearer (level 5, -13/53 HPs)
             Began as a Minotaur Fighter on Jan 2, 2024.
             Was an Initiate of Gozag.
             Mangled by a two-headed ogre
             ... wielding a +0 giant club
              (18 damage)
             ... in the Dungeon (Sprint IX: "|||||||||||||||||||||||||||||").
             The game lasted 00:01:11 (118 turns).

Heoruswealwe the Spear-Bearer (Minotaur Fighter)     Turns: 118, Time: 00:01:11

Health: -13/53     AC:  8    Str: 22    XL:     5   Next: 64%
Magic:  4/4        EV:  9    Int:  5    God:    Gozag
Gold:   0          SH:  4    Dex: 10    Spells: 4/4 levels left

rFire   . . .        a - +0 trident
rCold   . . .        d - +0 buckler
rNeg    . . .        c - +0 scale mail
rPois   .            (helmet restricted)
rElec   .            (no cloak)
rCorr   .            (no gloves)
SInv    .            (no boots)
Will    .....        (no amulet) Stlth
                     (no ring)
HPRegen 0.28/turn    (no ring)
MPRegen 0.09/turn

%: no teleportation
@: no status effects
A: horns 2, retaliatory headbutt
a: Renounce Religion, Potion Petition, Call Merchant, Bribe Branch


You were in the Dungeon.
You worshipped Gozag.
Gozag was noncommittal.
You visited 1 branch

Inventory:

Hand Weapons
 a - a +0 trident (weapon)
Armour
 c - a +0 scale mail (worn)
 d - a +0 buckler (worn)
Jewellery
 k - a +2 ring of evasion
 l - a +3 ring of dexterity
Wands
 h - a wand of acid (10)
Scrolls
 j - 2 scrolls of blinking
Potions
 b - a potion of might
 e - 2 potions of heal wounds
 f - 4 potions of curing
 g - a potion of haste
 i - a potion of berserk rage


   Skills:
 + Level 7.9 Fighting
 * Level 10.2 Polearms
 + Level 7.9 Armour
 - Level 3.6 Shields


You had 4 spell levels left.
You didn't know any spells.
Your spell library was empty.

Dungeon Overview and Level Annotations

Branches:
Dungeon (1/1)

Altars:
Cheibriados
Dithmenos
Elyvilon
Fedhas
Gozag
Hepliaklqana
Kikubaaqudgha
Makhleb
Nemelex Xobeh
Okawaru
Qazlal
Ru
Sif Muna
Trog
Uskayaw
Vehumet
Wu Jian
Xom
Yredelemnul
Zin
The Shining One
Jiyva
Lugonu


Innate Abilities, Weirdness & Mutations

You have a pair of horns on your head.
You reflexively headbutt those who attack you in melee.


Message History

The wight is wielding a +3 battleaxe of freezing.
The centaur shouts!
The vampire mosquito buzzes angrily.
The orc warrior shouts!
The two-headed ogre shouts in stereo!
The howler monkey hoots and howls with incredible vigour!
You puncture the howler monkey! Your headbutt misses the howler monkey.
The howler monkey is heavily wounded.
You barely miss the howler monkey.
The howler monkey is heavily wounded.
The howler monkey barely misses you. You furiously retaliate!
You headbutt the howler monkey! You barely miss the two-headed ogre.
Your headbutt misses the two-headed ogre.
You hit the two-headed ogre but do no damage.
You headbutt the two-headed ogre!
The two-headed ogre is moderately wounded.
The two-headed ogre barely misses you. The two-headed ogre closely misses you.
You hit the two-headed ogre.
The two-headed ogre is moderately wounded.
You puncture the two-headed ogre!
The two-headed ogre is heavily wounded.
The two-headed ogre completely misses you.
You block the two-headed ogre's attack.
You hit the two-headed ogre. You headbutt the two-headed ogre.
The two-headed ogre is heavily wounded.
The howler monkey hoots and howls with incredible vigour!
You hear a shout!
You hit the two-headed ogre but do no damage.
The two-headed ogre is heavily wounded.
The two-headed ogre hits you with a +0 giant club!!
Ouch! That really hurt!
The two-headed ogre hits you with a +0 giant club!!
* * * LOW HITPOINT WARNING * * *
You completely miss the two-headed ogre.
The two-headed ogre is heavily wounded.
The howler monkey hoots and howls with incredible vigour!
You hit the two-headed ogre.
The two-headed ogre is heavily wounded.
The two-headed ogre hits you with a +0 giant club!!
You die...
Your body crumbles into a pile of gold. $$$$$ $ $ $ $$$$$ $$$$$$ $ ▓▓▓▓▓▓▓▓▓▓▓▓▓▓▓▓▓▓▓▓▓▓▓▓ .czyohO@.[[[.)?!'_______ ▓▓▓▓▓▓▓▓▓▓▓▓▓▓▓▓▓▓▓▓▓▓▓▓

You could see a two-headed ogre, an orc warrior, a vampire mosquito, a centaur, a howler monkey (catching breath) and a wight.

Vanquished Creatures
  An ogre (D)
  A scorpion (D)
  2 hounds (D)
  A gnoll (D)
  A bat (D)
  An endoplasm (D)
  A hobgoblin (D)
  A kobold (D)
  A rat (D)
10 creatures vanquished.

Notes
Turn   | Place    | Note
-------+----------+-------------------------------------------
     0 | D        | Heoruswealwe the Minotaur Fighter began the quest for the
                  | Orb.
     0 | D        | Reached XP level 1. HP: 19/19 MP: 0/0
     9 | D        | Reached skill level 3 in Polearms
    23 | D        | Noticed a hound
    23 | D        | Noticed an ogre
    23 | D        | Noticed a scorpion
    23 | D        | Noticed a hound
    30 | D        | Killed a hound
    31 | D        | Reached skill level 5 in Fighting
    31 | D        | Reached skill level 5 in Polearms
    31 | D        | Reached skill level 5 in Armour
    31 | D        | Reached XP level 2. HP: 25/29 MP: 1/1
    31 | D        | Reached XP level 3. HP: 31/36 MP: 2/2
    46 | D        | Killed a scorpion
    47 | D        | Reached skill level 7 in Polearms
    47 | D        | Reached XP level 4. HP: 13/45 MP: 3/3
    54 | D        | Killed an ogre
    55 | D        | Reached skill level 9 in Polearms
    55 | D        | Reached XP level 5. HP: 35/52 MP: 4/4
    57 | D        | Reached skill level 10 in Polearms
    65 | D        | Found a snail-covered altar of Cheibriados.
    65 | D        | Found a shadowy altar of Dithmenos.
    65 | D        | Found a white marble altar of Elyvilon.
    65 | D        | Found a blossoming altar of Fedhas.
    65 | D        | Found an opulent altar of Gozag.
    66 | D        | Found a hazy altar of Hepliaklqana.
    67 | D        | Found a viscous altar of Jiyva.
    68 | D        | Found an ancient bone altar of Kikubaaqudgha.
    69 | D        | Found a corrupted altar of Lugonu.
    70 | D        | Found a burning altar of Makhleb.
    71 | D        | Found a sparkling altar of Nemelex Xobeh.
    72 | D        | Found an iron altar of Okawaru.
    73 | D        | Became a worshipper of Gozag Ym Sagoz the Greedy
    74 | D        | Found a stormy altar of Qazlal.
    75 | D        | Found a sacrificial altar of Ru.
    76 | D        | Found a shimmering blue altar of Sif Muna.
    77 | D        | Found a bloodstained altar of Trog.
    78 | D        | Found a hide-covered altar of Uskayaw.
    79 | D        | Found a radiant altar of Vehumet.
    80 | D        | Found an ornate altar of the Wu Jian Council.
    81 | D        | Found a shimmering altar of Xom.
    82 | D        | Found a basalt altar of Yredelemnul.
    83 | D        | Found a glowing silver altar of Zin.
    84 | D        | Found a glowing golden altar of the Shining One.
   108 | D        | Noticed a centaur
   108 | D        | Noticed a vampire mosquito
   108 | D        | Noticed an orc warrior
   108 | D        | Noticed a two-headed ogre
   118 | D        | Mangled by a two-headed ogre

Illustrated notes

Levels and vault maps discovered:
D:        linesprint [early_d, line_temple, items_1, d_10, items_2, lair_1,
          lair_end, items_3, orc_1, orc_end, items_4, d_15, swamp_1, shoals_1,
          snake_1, spider_1, d_20, vaults_1, items_5, swamp_end, shoals_end,
          snake_end, spider_end, vaults_end, d_27, items_6, zot_1, zot_end,
          crypt_end, forest_end, elf_end, slime_end, tomb_end, abyss_end,
          pan_hell_end]

Skill      XL: |  1  2  3  4  5 |
---------------+----------------+-----
Polearms       | 5 7 9 10 | 10.2
Fighting       | 5 6 7 |  7.9
Armour         | 5 6 7 |  7.9
Shields        | |  3.6

Action                     |  1- 3 |  4- 6 || total
---------------------------+-------+-------++-------
  Melee: Trident           |    30 |    21 ||    51
         Headbutt          |     3 |     4 ||     7
    Use: Potion            |     1 |     1 ||     2
 Armour: Scale mail        |    11 |       ||    11
  Dodge: Dodged            |    11 |    10 ||    21
  Block: Buckler           |     8 |     2 ||    10
